Map: Site Delta LE

Players

Rogue - Winner!

  • Race: Zerg Zerg
  • Spawn Location: 5:00

Solar

  • Race: Zerg Zerg
  • Spawn Location: 11:00

Event: ESL Spring 2024 Finals

VOD

Have the link to the VOD?

Description

Time

  • Played on: May 31, 2024, 3:52 p.m.
  • Length: 6:55

All games in this series

Show
View Real Time Build Order
Export as new Build Order

Rogue Zerg - Winner!

Build Orders: Hatch First, Roach Nydus 

Get SALT Encoding   

  12  0:00  Drone  
  13  0:12  Overlord  
  13  0:16  Drone  
  14  0:30  Drone x2  
  16  0:47  Hatchery  
  15  0:50  Drone  
  15  0:54  Drone  
  18  0:57  Drone  
  18  1:08  Extractor  
  17  1:12  Spawning Pool  
  17  1:15  Drone  
  17  1:18  Drone  
  18  1:27  Drone  
  19  1:38  Drone  
  20  1:49  Drone  
  21  1:59  Zergling x2, Queen x2  
  21  2:00  Overlord  
  26  2:10  Drone x2  
  28  2:21  Drone x2  
  30  2:32  Overlord  
  30  2:34  Drone  
  30  2:35  Queen  
  33  2:39  Queen  
  33  2:43  Drone  
  36  2:48  Overlord  
  36  2:53  Drone  
  36  2:55  Drone  
  38  3:04  Drone x2  
  40  3:08  Drone x2, Evolution Chamber  
  41  3:13  Drone  
  41  3:14  Drone x2  
  41  3:15  Drone  
  45  3:21  Lair  
  45  3:24  Overlord  
  45  3:31  Roach Warren  
  44  3:38  Drone x2  
  45  3:44  Extractor, Zerg Missile Weapons Level 1  
  45  3:45  Extractor  
  45  3:47  Drone x5  
  48  3:49  Evolution Chamber  
  48  3:53  Drone  
  47  3:58  Roach Warren  
  47  3:59  Drone x2  
  47  4:02  Overlord  
  48  4:04  Drone  
  48  4:05  Drone  
  50  4:15  Overlord  
  50  4:19  Roach  
  50  4:20  Roach x3  
  60  4:24  Roach  
  60  4:25  Roach  
  60  4:28  Overlord  
  64  4:31  Roach  
  64  4:37  Roach x2  
  64  4:38  Glial Reconstitution  
  68  4:41  Roach  
  68  4:43  Roach  
  72  4:47  Overlord  
  72  4:50  Roach  
  72  4:52  Roach  
  76  4:55  Roach x2  
  80  5:00  Roach  
  80  5:04  Nydus Network  
  80  5:06  Overlord  
  81  5:11  Overlord  
  81  5:15  Roach  
  81  5:17  Roach x2  
  87  5:23  Roach x2  
  87  5:24  Overlord  
  91  5:29  Roach x2  
  95  5:35  Overlord  
  95  5:38  Roach x2  
  95  5:41  Nydus Canal  
  99  5:46  Roach  
  99  5:47  Overlord, Roach  
  103  5:56  Roach x3  
  109  6:02  Roach x2  
  109  6:04  Overlord  
  113  6:14  Roach x2  
  113  6:15  Roach  
  107  6:19  Queen x2  
  107  6:22  Overlord  
  109  6:27  Roach  
  109  6:28  Roach  
  109  6:30  Roach  
  107  6:34  Roach  
  109  6:40  Nydus Canal  
Show
View Real Time Build Order
Export as new Build Order

Solar Zerg 

Build Orders: Hatch First 

Get SALT Encoding   

  12  0:00  Drone  
  13  0:12  Overlord  
  13  0:17  Drone  
  14  0:30  Drone x2  
  16  0:48  Hatchery  
  15  0:51  Drone  
  15  0:54  Drone  
  17  0:57  Drone  
  17  1:02  Extractor  
  17  1:13  Spawning Pool  
  17  1:15  Drone  
  17  1:18  Drone  
  18  1:28  Drone  
  19  1:40  Drone  
  20  1:58  Drone  
  20  1:59  Queen x2  
  20  2:00  Zergling x2, Overlord  
  26  2:05  Metabolic Boost  
  26  2:10  Zergling x2  
  26  2:11  Drone  
  28  2:21  Drone  
  28  2:22  Drone  
  30  2:36  Hatchery  
  29  2:38  Drone  
  29  2:40  Drone  
  32  2:44  Drone, Overlord  
  32  2:57  Drone  
  33  2:59  Drone  
  33  3:04  Drone  
  33  3:05  Zergling x2  
  36  3:10  Drone x2  
  36  3:11  Zergling x4  
  41  3:12  Drone  
  41  3:15  Drone  
  41  3:19  Overlord  
  41  3:20  Drone, Evolution Chamber  
  41  3:31  Drone  
  41  3:32  Drone  
  43  3:38  Drone  
  43  3:39  Drone  
  44  3:42  Drone x2  
  44  3:43  Drone  
  44  3:44  Drone x2, Queen  
  44  3:46  Zerg Missile Weapons Level 1  
  44  3:48  Drone  
  52  3:52  Lair  
  52  3:55  Extractor  
  51  3:56  Extractor  
  51  3:58  Roach Warren  
  51  4:00  Drone  
  51  4:01  Drone x2  
  52  4:05  Overlord  
  52  4:06  Drone  
  52  4:09  Drone x2  
  55  4:13  Drone x2  
  55  4:16  Drone  
  58  4:18  Overlord  
  58  4:22  Extractor  
  58  4:24  Drone x2  
  58  4:25  Drone  
  58  4:26  Overlord  
  60  4:38  Roach x4  
  68  4:39  Queen  
  68  4:41  Roach  
  72  4:49  Drone x2, Overlord  
  72  4:50  Overseer  
  72  4:52  Glial Reconstitution  
  74  4:53  Roach  
  74  4:57  Roach  
  74  4:59  Queen  
  80  5:01  Overlord  
  80  5:10  Overlord x2  
  80  5:15  Drone x2  
  80  5:16  Queen  
  80  5:20  Roach x2  
  88  5:22  Roach x2  
  88  5:24  Overlord  
  88  5:26  Drone  
  93  5:38  Overlord  
  93  5:39  Spore Crawler  
  93  5:40  Drone x2  
  93  5:41  Infestation Pit  
  93  5:43  Drone x2, Roach x2  
  93  5:45  Overlord  
  99  5:53  Roach x2  
  99  5:54  Roach  
  99  5:55  Overlord  
  109  5:57  Roach x3  
  109  5:59  Roach  
  109  6:02  Roach  
  109  6:03  Roach  
  117  6:07  Roach x3  
  122  6:12  Roach x2  
  122  6:13  Roach x2  
  122  6:16  Roach  
  118  6:19  Roach  
  118  6:25  Roach x3  
  116  6:31  Roach x2  
  116  6:32  Roach  
Tags
 
Add a new tag
Caveats
  • Supply blocks, unpowered buildings, or Contaminate may cause inaccurate times.
  • Supply counts are checked every 10 seconds.